 Dungeon Crawl Stone Soup version 0.31.0-10-gcf4a605ca0 (webtiles) character file.

Game seed: 1473507637133287348

220 sanka the Chopper (level 6, 47/47 HPs)
             Began as a Formicid Fighter on Jan 25, 2024.
             Quit the game on level 2 of the Dungeon.
             The game lasted 00:02:10 (1322 turns).

sanka the Chopper (Formicid Fighter)                Turns: 1322, Time: 00:02:10

Health: 47/47      AC:  6    Str: 21    XL:     6   Next: 18%
Magic:  6/6        EV:  9    Int:  7    God:
Gold:   165        SH:  5    Dex: 15    Spells: 5/5 levels left

rFire   + . .        a - +0 war axe
rCold   + . .        c - +0 buckler
rNeg    . . .        b - +0 scale mail
rPois   +            (helmet unavailable)
rElec   .            p - scarf {rC+ rF+}
rCorr   .            (no gloves)
SInv    +            (no boots)
Will    .....        (no amulet) Stlth
                     l - ring of poison resistance
HPRegen 0.27/turn    (no ring)
MPRegen 0.10/turn

%: no passive effects
@: no status effects
A: permanent stasis, dig shafts and tunnels, antennae 3, four strong arms
a: Dig, Shaft Self


You were on level 2 of the Dungeon.
You visited 1 branch of the dungeon, and saw 2 of its levels.

You collected 165 gold pieces.


Innate Abilities, Weirdness & Mutations

You cannot be hasted, slowed, berserked, paralysed or teleported.
You can dig through walls and to a lower floor.
You have a pair of large antennae on your head. (SInv)
Your four strong arms can wield two-handed weapons with a shield.


   Skills:
 - Level 3.2 Fighting
 * Level 6.0 Axes
 - Level 3.2 Armour
 - Level 4.0 Shields


You had 5 spell levels left.
You didn't know any spells.
Your spell library contained the following spells:

 Spells                   Type           Power      Damage    Failure   Level
 Freeze                   Ice            0%         1d3       83%         1
 Frozen Ramparts          Ice            0%         1d1       99%         3
 Hailstorm                Conj/Ice       0%         3d5       99%         3
 Olgreb's Toxic Radiance  Alch           0%         N/A       100%        4
 Ozocubu's Refrigeration  Ice            0%         4d7       100%        7
 Discord                  Hex            0%         N/A       100%        8

Inventory:

Hand Weapons
 a - a +0 war axe (weapon)
Armour
 b - a +0 scale mail (worn)
 c - a +0 buckler (worn)
 j - a +0 cloak
 p - a scarf of resistance (worn)
Magical Staves
 o - a staff of air
Jewellery
 l - a ring of poison resistance (left hand)
Scrolls
 f - 2 scrolls of immolation {unknown}
 i - a scroll of identify {unknown}
 m - 2 scrolls of teleportation {unknown}
 q - a scroll of blinking {unknown}
Potions
 d - a potion of might
 e - a potion of haste {unknown}
 g - a potion of degeneration {unknown}
 h - a potion of lignification {unknown}
 k - a potion of enlightenment {unknown}
 n - a potion of heal wounds {unknown}
 r - 2 potions of attraction {unknown}

Dungeon Overview and Level Annotations

Branches:
Dungeon (2/15)

Altars:

Shops:
D:2

([ ▒.▒▒.▒ ▒▒ ▒▒▒
▒.▒▒.▒ ..▒ ▒.▒▒.▒
▒▒ ▒.▒ ▒. ▒.▒▒.▒
!. ▒.▒.▒.▒ ▒▒....▒
▒. ▒.▒.▒.▒ ▒...▒.▒
▒..▒▒.▒.▒.▒
▒..▒▒.▒ ▒........▒
▒..▒▒.▒▒▒▒
▒B▒...▒▒▒..▒▒.....
▒.▒.....>.......▒▒
▒.▒........▒▒▒▒.▒
▒.▒▒...▒▒▒▒▒▒...▒
▒.▒▒...▒ ▒.▒▒▒
▒.▒▒...▒ ▒.
▒.▒▒...▒ ▒
▒.▒▒...▒ ▒.▒▒...▒


There were no monsters in sight!


Message History

You closely miss the adder. The adder bites you.
Unknown command.
You hit the adder.
The adder is lightly wounded.
The adder bites you but does no damage. The adder closely misses you.
Unknown command.
You completely miss the adder.
The adder is lightly wounded.
You block the adder's attack.
Unknown command.
You slash the adder!
You kill the adder!
Your Axes skill increases to level 6!
Unknown command.
No target in view!
Unknown command.
No target in view!
Unknown command.
No target in view!
Unknown command.
Unknown command.
Found a scroll labelled UZAMEI QEUSHE and a cabochon ring.
m - 2 scrolls labelled UZAMEI QEUSHE (gained 1)
You see here a ring of see invisible.
Found 15 gold pieces.
You now have 165 gold pieces (gained 15).
Found a pink potion.
Are you sure you want to abandon this character and quit the game? (Confirm with "yes".)

Action                     |  1- 3 |  4- 6 || total
---------------------------+-------+-------++-------
  Melee: War axe           |    87 |    33 ||   120
Ability: Dig               |     1 |       ||     1
 Armour: Scale mail        |    55 |    14 ||    69
  Dodge: Dodged            |    41 |    18 ||    59
  Block: Buckler           |    22 |     6 ||    28

Levels and vault maps discovered:
D:1:      dpeg_arrival_three_bigger_balls, layout_basic, st_stairs_11,
          due_unseen_surprise
D:2:      layout_basic, serial_shops, shop_coins, shop,
          nicolae_shop_temple_entry_statues_fountains, minmay_goblin_outpost,
          uniq_sigmund

Notes
Turn   | Place    | Note
-------+----------+-------------------------------------------
     0 | D:1      | sanka the Formicid Fighter began the quest for the Orb.
     0 | D:1      | Reached XP level 1. HP: 18/18 MP: 1/1
   209 | D:1      | Reached XP level 2. HP: 24/24 MP: 2/2
   271 | D:1      | Reached skill level 3 in Axes
   407 | D:1      | Reached XP level 3. HP: 27/29 MP: 3/3
   983 | D:2      | Identified a scarf of resistance
  1017 | D:2      | Found Ruxaesi's Weapon Emporium.
  1021 | D:2      | Reached skill level 4 in Axes
  1021 | D:2      | Reached XP level 4. HP: 30/35 MP: 4/4
  1053 | D:2      | Noticed Sigmund
  1070 | D:2      | Killed Sigmund
  1071 | D:2      | Reached skill level 5 in Axes
  1071 | D:2      | Reached XP level 5. HP: 25/41 MP: 5/5
  1071 | D:2      | Reached XP level 6. HP: 29/47 MP: 6/6
  1145 | D:2      | Found Liykh's Armour Boutique.
  1268 | D:2      | Reached skill level 6 in Axes
  1322 | D:2      | Quit the game

Vanquished Creatures
  Sigmund (D:2)
  2 adders (D:2)
  2 dart slugs (D:1)
  2 bats (D:2)
  7 endoplasms
  2 goblins (D:1)
  8 hobgoblins
  2 jackals (D:1)
  2 quokkas
  2 ball pythons (D:1)
  A frilled lizard (D:1)
  2 kobolds
  3 rats
36 creatures vanquished.
